 Dungeon Crawl Stone Soup version 0.27.1-33-g824d729ab1 (webtiles) character file.

Game seed: 14404699356859850965

28 lordive the Insei (level 3, -5/26 HPs)
             Began as a Demonspawn Transmuter on Dec 27, 2021.
             Slain by a hobgoblin (6 damage)
             ... led by Robin
             ... on level 2 of the Dungeon.
             The game lasted 00:01:49 (1172 turns).

lordive the Insei (Demonspawn Transmuter)           Turns: 1172, Time: 00:01:49

Health: -5/26      AC:  2    Str: 10    XL:     3   Next: 0%
Magic:  4/6        EV: 12    Int: 17    God:
Gold:   52         SH:  0    Dex: 13    Spells: 5/6 levels left

rFire    . . .     SeeInvis .     - Unarmed
rCold    . . .     Faith    .   (no shield)
rNeg     . . .     Spirit   .   a - +0 robe
rPois    .         Reflect  .   (helmet currently unavailable)
rElec    .         Harm     .   (no cloak)
rCorr    .         Rampage  .   (no gloves)
Will     .....                  (boots currently unavailable)
Stlth    +.........             (no amulet)
HPRegen  0.08/turn              (no ring)
MPRegen  0.10/turn              (no ring)

@: appendages
A: horns 2, talons 2, big brain 1
a: End Transformation


You were on level 2 of the Dungeon.
You had temporarily grown beastly horns and talons.
You visited 1 branch of the dungeon, and saw 2 of its levels.

You collected 52 gold pieces.

Inventory:

Armour
 a - a +0 robe (worn)
 e - a +0 leather armour
Jewellery
 d - a ring of positive energy
Scrolls
 b - a scroll of identify
 c - a scroll of noise


   Skills:
 + Level 1.0 Fighting
 + Level 2.0 Dodging
 + Level 0.1 Stealth
 * Level 3.1 Unarmed Combat
 + Level 2.3 Spellcasting
 * Level 2.3 Transmutations


You had 5 spell levels left.
You knew the following spells:

 Your Spells              Type           Power      Damage    Failure   Level
a - Beastly Appendage     Tmut           18%        N/A       8%          1

Your spell library contained the following spells:

 Spells                   Type           Power      Damage    Failure   Level
 Wereblood                Tmut           9%         N/A       11%         2
 Spider Form              Tmut/Pois      2%         N/A       34%         3
 Ice Form                 Ice/Tmut       5%         N/A       75%         4


Dungeon Overview and Level Annotations

Branches:
Dungeon (2/15)

Altars:

Annotations:
D:2 Robin


Innate Abilities, Weirdness & Mutations

You have temporarily grown beastly horns and talons.
You have an unusually large brain. (Int +2)


Message History

You kill the goblin!
You hit the hobgoblin but do no damage.
A goblin comes into view. It is wielding a +0 club.
Robin throws the goblin at you! The hobgoblin closely misses you.
Casting: Beastly Appendage (safe; 8% risk of failure)
Confirm with . or Enter, or press ? or * to list all spells.
You extend your transformation's duration.
The goblin hits you with a +0 club.
A hobgoblin comes into view.
The hobgoblin hits you but does no damage.
The hobgoblin shouts!
You hit the goblin. You claw the goblin.
You kill the goblin!
The hobgoblin hits you but does no damage.
Robin throws the goblin at you! The goblin misses you.
You see here a +0 club.
You barely miss the goblin. The goblin hits you with a +0 dagger.
The hobgoblin barely misses you.
A goblin comes into view. It is wielding a +0 club.
You hit the goblin.
You kill the goblin!
Robin throws the goblin at you!
* * * LOW HITPOINT WARNING * * *
The hobgoblin barely misses you. The goblin barely misses you.
You have reached level 3!
Your experience leads to an increase in your attributes!
Increase (S)trength, (I)ntelligence, or (D)exterity?
You feel clever.
You hit the goblin but do no damage.
Robin roars a battlecry!
The goblins go into a battle-frenzy!
The hobgoblin hits you.
* * * LOW HITPOINT WARNING * * *
The goblin closely misses you.
You aren't carrying any potions.
As you read the scroll labelled IDAGEO WAXEHE, it crumbles to dust.
It is a scroll of identify.
c - a scroll of noise The hobgoblin hits you.
You die...

#..#
...
####..
#..#gg
#..#g#
#..#g#
#..#g#
#..#g#
#..#@#
#<.#g#
#.##.#
#....#
######


You could see Robin, 2 hobgoblins and 4 goblins.

Vanquished Creatures
  2 dart slugs (D:1)
  3 endoplasms (D:1)
  7 goblins
  A quokka (D:1)
  A ball python (D:1)
  2 bats (D:1)
  A frilled lizard (D:1)
  A kobold (D:1)
  5 rats (D:1)
23 creatures vanquished.

Notes
Turn   | Place    | Note
-------+----------+-------------------------------------------
     0 | D:1      | lordive the Demonspawn Transmuter began the quest for the
                  | Orb.
     0 | D:1      | Reached XP level 1. HP: 15/15 MP: 3/3
   556 | D:1      | Gained mutation: You have an unusually large brain. (Int
                  | +2) [demonic ancestry]
   556 | D:1      | Reached XP level 2. HP: 21/21 MP: 3/5
   750 | D:1      | Reached skill level 3 in Unarmed Combat
  1161 | D:2      | Noticed Robin
  1171 | D:2      | Reached XP level 3. HP: 7/26 MP: 4/6
  1171 | D:2      | HP: 1/26 [hobgoblin[Robin] (6)]
  1172 | D:2      | Slain by a hobgoblin

Illustrated notes

Levels and vault maps discovered:
D:1:      dpeg_arrival_subterranean_lakeside_camping, layout_basic
D:2:      layout_basic, serial_undead, serial_undead_d, serial_undead_b,
          serial_undead_f, serial_undead_e, kennysheep_generic_room_2,
          uniq_jessica, uniq_terence, uniq_robin

Skill      XL: |  1  2 |
---------------+-------+-----
Transmutations | 2 |  2.3
Dodging        | 2 |  2.0
Unarmed Combat | 3 |  3.1
Fighting       | |  1.0
Stealth        | |  0.1
Spellcasting   | |  2.3

Action                   || total
-------------------------++-------
Melee: Unarmed           ||    48
       Kick              ||    11
       Punch             ||     1
       Headbutt          ||     4
 Cast: Beastly Appendage ||    18
  Use: Scroll            ||     1
Armor: Robe              ||     5
Dodge: Dodged            ||    29
